Map: Crête de Lerilak

Players

zidar

  • Race: Zerg Zerg
  • League: Silver
  • Spawn Location: 1:00

ViDi - Winner!

  • Race: Terran Terran
  • League: Gold
  • Spawn Location: 7:00

VOD

Have the link to the VOD?

Description

Time

  • Played on: March 4, 2016, 9:59 a.m.
  • Length: 12:17
Show
View Real Time Build Order
Export as new Build Order

zidar Zerg 

Build Orders: Hatch First 

Get SALT Encoding   

  12  0:01  Drone  
  13  0:12  Overlord  
  13  0:17  Drone  
  14  0:30  Drone x2  
  14  0:34  Drone  
  17  0:55  Hatchery  
  16  0:57  Drone  
  17  1:14  Spawning Pool  
  17  1:15  Drone  
  17  1:18  Extractor  
  17  1:20  Drone  
  17  1:29  Drone  
  17  1:31  Overlord  
  18  1:47  Drone  
  19  2:00  Queen  
  21  2:06  Drone  
  21  2:07  Queen  
  24  2:14  Zergling x6  
  26  2:23  Metabolic Boost  
  26  2:43  Queen  
  28  2:46  Queen  
  30  3:00  Drone x3  
  32  3:31  Roach Warren  
  31  3:55  Extractor  
  27  4:11  Zergling x4  
  27  4:12  Roach, Zergling x2  
  27  4:13  Roach x2  
  35  4:33  Overlord x2  
  35  4:34  Overlord  
  28  4:46  Roach  
  28  4:47  Roach x4  
  24  5:19  Zergling x2  
  24  5:20  Roach, Zergling x18  
  23  5:49  Queen  
  25  5:50  Queen  
  25  6:10  Drone x2  
  25  6:11  Drone  
  28  6:13  Drone x3  
  28  6:33  Drone  
  28  6:35  Drone  
  28  6:36  Drone x2  
  32  6:48  Drone x2  
  34  7:04  Drone x6  
  40  7:19  Zergling x4  
  40  7:20  Zergling x4  
  44  7:32  Drone x2  
  44  7:33  Drone  
  44  7:36  Zergling x4  
  49  7:47  Zergling x4  
  51  7:56  Lair, Baneling Nest  
  50  8:11  Hatchery  
  49  8:28  Drone x3  
  49  8:29  Drone x2  
  49  8:33  Extractor  
  53  8:36  Extractor  
  52  8:42  Baneling x7  
  52  9:00  Overlord  
  51  9:03  Centrifical Hooks  
  51  9:15  Evolution Chamber  
  50  9:17  Evolution Chamber, Zergling x2  
  50  9:18  Zergling x18  
  59  9:26  Queen  
  61  9:54  Zerg Ground Armor Level 1  
  61  9:55  Zerg Melee Weapons Level 1  
  61  10:00  Infestation Pit  
  44  10:08  Zergling x10  
  44  10:09  Zergling x22  
  57  10:33  Ravager  
  58  10:35  Baneling  
  58  10:36  Baneling x13  
  58  10:44  Drone  
  59  10:51  Zergling x2  
  59  10:55  Overlord x2  
  59  10:56  Overlord x2  
  37  11:14  Zergling x2  
  37  11:15  Zergling x10  
  30  11:51  Zergling x18  
  39  11:54  Baneling x3  
Show
View Real Time Build Order
Export as new Build Order

ViDi Terran - Winner!

Build Orders:  

Get SALT Encoding   

  12  0:01  SCV  
  13  0:13  SCV  
  14  0:25  SCV, Supply Depot  
  14  0:27  Refinery  
  15  0:47  SCV  
  15  0:49  Barracks  
  16  1:03  SCV, Supply Depot  
  17  1:12  Barracks  
  18  1:18  SCV  
  18  1:31  SCV  
  19  1:39  Barracks  
  19  1:41  Reaper  
  19  1:44  SCV  
  21  1:57  SCV  
  21  2:00  Reaper  
  23  2:06  Supply Depot  
  23  2:11  Orbital Command  
  23  2:23  Reaper  
  23  2:27  Barracks Reactor  
  24  2:32  Barracks Tech Lab  
  24  2:53  Marauder  
  26  3:02  Barracks Reactor  
  26  3:22  Marine x2  
  26  3:23  Marauder  
  30  3:38  SCV  
  30  3:40  Marine x2  
  33  3:43  Command Center  
  33  3:44  Marauder  
  33  3:47  Engineering Bay  
  35  3:50  SCV  
  36  4:05  Marauder  
  38  4:11  Reaper  
  39  4:30  Supply Depot  
  39  4:47  SCV  
  39  4:49  Marine  
  39  4:52  Marine, Marauder  
  42  4:57  Marine x2  
  42  4:59  SCV  
  45  5:13  Marauder  
  39  5:25  Marine x3  
  42  5:35  Marauder  
  40  5:44  Marine x2  
  40  5:45  Marine  
  40  5:46  SCV  
  42  5:56  Marauder  
  38  6:10  SCV  
  39  6:15  Bunker  
  39  6:18  Marauder  
  39  6:26  Planetary Fortress  
  39  6:29  Marine  
  39  6:30  Marine  
  41  6:35  Supply Depot  
  41  6:36  Supply Depot  
  41  6:37  SCV  
  41  6:39  Marauder  
  44  6:41  Combat Shield  
  44  6:50  SCV  
  45  7:00  Marauder  
  47  7:02  Marine x2, SCV  
  47  7:04  SCV  
  51  7:13  Refinery  
  51  7:14  SCV  
  52  7:19  Terran Infantry Weapons Level 1  
  52  7:20  SCV  
  52  7:21  Marine x2  
  52  7:22  Marauder  
  57  7:27  SCV  
  58  7:37  SCV  
  58  7:43  Marauder  
  61  7:46  Refinery, SCV  
  61  7:50  Refinery  
  62  7:59  SCV  
  62  8:03  Command Center  
  62  8:05  Marauder, SCV  
  66  8:12  Marine x2  
  68  8:13  Supply Depot  
  68  8:14  SCV  
  70  8:20  SCV  
  70  8:23  Factory  
  70  8:26  Marauder  
  72  8:29  Factory, SCV  
  72  8:32  SCV  
  74  8:35  Marine x2  
  74  8:41  SCV  
  77  8:44  SCV  
  77  8:47  Marauder  
  80  8:52  Marine  
  80  8:53  Marine, SCV  
  83  9:09  Marauder  
  85  9:12  Factory Tech Lab x2  
  85  9:13  Terran Infantry Armor Level 1  
  85  9:14  Marine  
  85  9:15  Marine x2  
  88  9:18  SCV x2  
  88  9:20  SCV, Stimpack  
  91  9:30  Marauder  
  93  9:40  Marine  
  93  9:41  Marine x2  
  93  9:42  Siege Tank  
  99  9:49  Supply Depot  
  99  9:51  Marauder  
  101  9:53  Orbital Command  
  101  9:56  Supply Depot  
  101  9:58  Supply Depot  
  101  10:02  SCV  
  101  10:04  Siege Tank  
  89  10:13  Marauder  
  91  10:18  Marine x3, Supply Depot  
  91  10:19  Siege Tank  
  97  10:34  Marauder  
  99  10:36  Siege Tank  
  99  10:41  Marine x2  
  105  10:42  SCV  
  105  10:43  SCV x2  
  107  10:51  Siege Tank  
  107  10:56  Marauder  
  112  11:04  Command Center  
  89  11:13  Marine x3  
  89  11:15  Siege Tank  
  89  11:17  Marauder  
  97  11:21  Concussive Shells  
  97  11:23  Siege Tank  
  98  11:32  Marine  
  98  11:38  Marauder  
  92  12:03  SCV x2  
  92  12:04  SCV  
Tags
 
Add a new tag
Caveats
  • Supply blocks, unpowered buildings, or Contaminate may cause inaccurate times.
  • Supply counts are checked every 10 seconds.